 Dungeon Crawl Stone Soup version 0.29.1-1-gd02db6906a (webtiles) character file.

Game seed: 16942356145369454186

296859 cdecastro the Eclecticist (level 20, -15/164 HPs)
             Began as a Gnoll Cinder Acolyte on Oct 12, 2022.
             Was an Elder of Ignis.
             Shot with a bolt by a yaktaur (18 damage)
             ... led by a yaktaur captain
             ... on level 1 of the Vaults on Oct 18, 2022.
             The game lasted 05:52:16 (78727 turns).

cdecastro the Eclecticist (Gnoll Cinder Acolyte)   Turns: 78727, Time: 05:52:17

Health: -15/164    AC: 16    Str: 16    XL:     20   Next: 92%
Magic:  17/41      EV: 22    Int: 30    God:    Ignis [****..]
Gold:   1389       SH:  0    Dex:  7    Spells: 17/53 levels left

rFire   + . .      SeeInvis .   a - +12 flail of Animal Spirits {spect, *Corrode rElec Will+++ Stlth-}
rCold   . . .      Faith    .   x - orb {light}
rNeg    + . .      Spirit   .   l - +3 ring mail "Azxilodgh" {rPois Will+}
rPois   +          Reflect  .   I - +2 hat "Fudef" {Int+5}
rElec   +          Harm     .   z - +1 cloak {Stlth+}
rCorr   .          Rampage  .   P - +0 pair of gloves {Str+3}
Will    +++++      Clarity  +   V - +1 pair of boots
Stlth   ++........              v - amulet of the Four Winds {rN+ Will+++ Clar}
HPRegen 0.37/turn               W - ring "Haygiu Arghy" {EV+4 Int+3 Dex-2}
MPRegen 0.27/turn               k - +4 ring of evasion

@: corroded, glowing, studying 2 skills, unable to drink
A: fangs 1, strong nose, distributed training, inability to drink after injury 1
}: 2/15 runes: serpentine, barnacled
a: Renounce Religion, Fiery Armour, Foxfire Swarm


You were on level 1 of the Vaults.
You worshipped Ignis.
Ignis was greatly pleased with you.
You visited 9 branches of the dungeon, and saw 36 of its levels.
You visited 2 bazaars.
You also visited: Ossuary, Gauntlet and Desolation.

You collected 5091 gold pieces.
You spent 3702 gold pieces at shops.

Inventory:

Hand Weapons
 a - the +12 flail of Animal Spirits (weapon) {spect, *Corrode rElec Will+++ Stlth-}
   (You took it off an ironbound convoker in the Desolation of Salt)

   When its wielder attacks, the weapon's spirit leaps out and strikes again.
   The spirit shares a part of any damage it takes with its wielder.
   rElec:     It insulates you from electricity.
   *Corrode:  It may corrode you when you take damage.
   Will:      It greatly increases your willpower.
   Stlth:     It makes you less stealthy.
 b - a +2 dagger of venom
Missiles
 n - 8 silver javelins (quivered)
 A - 22 javelins
Armour
 l - the +3 ring mail "Azxilodgh" (worn) {rPois Will+}
   (You bought it in a shop on level 9 of the Dungeon)

   rPois:     It protects you from poison.
   Will:      It increases your willpower.
 x - an orb of light (worn)
 z - a +1 cloak of stealth (worn)
 I - the +2 hat "Fudef" (worn) {Int+5}
   (You found it in a Gauntlet)

   Int:       It affects your intelligence (+5).
 P - a +0 pair of gloves of strength (worn)
 V - a +1 pair of boots (worn)
Jewellery
 c - a ring of ice
 d - a ring of flight
 k - a +4 ring of evasion (right hand)
 v - the amulet of the Four Winds (around neck) {rN+ Will+++ Clar}
   (You took it off a minotaur in a Gauntlet)

   [amulet of nothing]

   rN:        It protects you from negative energy.
   Clar:      It protects you against confusion.
   Will:      It greatly increases your willpower.
 S - the ring "Feokhleta" {rF+ rCorr Str+2 Dex+4 SInv}
   (You found it in the Desolation of Salt)

   [ring of resist corrosion]

   Str:       It affects your strength (+2).
   Dex:       It affects your dexterity (+4).
   rF:        It protects you from fire.
   SInv:      It lets you see invisible.
   rCorr:     It protects you from acid and corrosion.
 W - the ring "Haygiu Arghy" (left hand) {EV+4 Int+3 Dex-2}
   (You took it off a boggart on level 2 of the Elven Halls)

   [ring of evasion]

   EV:        It affects your evasion (+4).
   Int:       It affects your intelligence (+3).
   Dex:       It affects your dexterity (-2).
Wands
 e - a wand of mindburst (19)
 p - a wand of light (13)
 y - a wand of flame (31)
 G - a wand of polymorph (18)
 M - a wand of digging (15)
 Y - a wand of roots (25)
 Z - a wand of paralysis (21)
Scrolls
 f - 10 scrolls of vulnerability
 g - 2 scrolls of blinking
 m - 8 scrolls of magic mapping
 q - 7 scrolls of fog
 t - 3 scrolls of torment
 w - a scroll of fear
 B - 2 scrolls of silence
 C - 8 scrolls of immolation
 D - 2 scrolls of poison
 T - 2 scrolls of teleportation
Potions
 h - 2 potions of cancellation
 o - 9 potions of might
 s - 17 potions of curing
 u - 2 potions of resistance
 E - 11 potions of haste
 F - 2 potions of berserk rage
 H - a potion of heal wounds
 O - 5 potions of attraction
 Q - 9 potions of brilliance
 R - 3 potions of magic
Miscellaneous
 i - a box of beasts
 K - a condenser vane
 U - a phial of floods
 X - a tin of tremorstones (2/2)


   Skills:
 + Level 15.8 Fighting
 + Level 14.5 Short Blades
 + Level 14.5 Long Blades
 + Level 14.5 Axes
 + Level 14.5 Maces & Flails
 + Level 15.8 Polearms
 + Level 14.5 Staves
 + Level 14.5 Ranged Weapons
 + Level 14.5 Throwing
 + Level 14.5 Armour
 + Level 14.5 Dodging
 + Level 14.5 Stealth
 + Level 14.5 Shields
 + Level 14.5 Unarmed Combat
 + Level 17.0 Spellcasting
 + Level 12.3 Conjurations
 + Level 12.3 Hexes
 + Level 13.9 Summonings
 + Level 12.3 Necromancy
 + Level 12.3 Translocations
 + Level 12.3 Transmutations
 + Level 13.4 Fire Magic
 + Level 12.3 Ice Magic
 + Level 12.3 Air Magic
 + Level 12.3 Earth Magic
 + Level 12.3 Poison Magic
 + Level 15.7 Invocations
 + Level 14.5 Evocations


You had 17 spell levels left.
You knew the following spells:

 Your Spells              Type           Power      Damage    Failure   Level
a - Scorch                Fire           100%       2d10      0%          2
b - Blink                 Tloc           100%       N/A       1%          2
c - Ensorcelled Hibernat  Hex/Ice        100%       N/A       1%          2
d - Swiftness             Air            79%        N/A       1%          3
e - Ozocubu's Armour      Ice            79%        N/A       1%          3
f - Ignite Poison         Fire/Tmut/Pois 80%        N/A       1%          3
g - Mephitic Cloud        Conj/Pois/Air  79%        N/A       1%          3
h - Airstrike             Air            39%        2d(6-22)  1%          4
i - Freezing Cloud        Conj/Ice/Air   39%        6-21      1%          5
j - Summon Lightning Spi  Summ/Air       81%        N/A       1%          4
k - Irradiate             Conj/Tmut      39%        3d24      1%          5

Your spell library contained the following spells:

 Spells                   Type           Power      Damage    Failure   Level
 Apportation              Tloc           100%       N/A       0%          1
 Beastly Appendage        Tmut           100%       N/A       0%          1
 Foxfire                  Conj/Fire      100%       2x1d9     0%          1
 Necrotise                Necr           100%       1d9       0%          1
 Sandblast                Erth           100%       2d20      0%          1
 Shock                    Conj/Air       100%       1d9       0%          1
 Summon Small Mammal      Summ           100%       N/A       0%          1
 Call Imp                 Summ           83%        N/A       0%          2
 Passwall                 Tmut/Erth      65%        N/A       1%          2
 Poisonous Vapours        Pois/Air       100%       N/A       1%          2
 Sublimation of Blood     Necr           79%        N/A       1%          2
 Wereblood                Tmut           79%        N/A       1%          2
 Conjure Flame            Conj/Fire      80%        6-21      1%          3
 Dazzling Flash           Conj/Hex       100%       N/A       1%          3
 Gell's Gravitas          Tloc           79%        N/A       1%          3
 Inner Flame              Hex/Fire       80%        N/A       1%          3
 Lesser Beckoning         Tloc           79%        N/A       1%          3
 Portal Projectile        Hex/Tloc       100%       N/A       1%          3
 Spider Form              Tmut/Pois      79%        N/A       1%          3
 Stone Arrow              Conj/Erth      100%       3d13      1%          3
 Teleport Other           Tloc           79%        N/A       1%          3
 Tukima's Dance           Hex            79%        N/A       1%          3
 Anguish                  Hex/Necr       39%        N/A       1%          4
 Animate Armour           Summ/Erth      100%       N/A       1%          4
 Flame Wave               Conj/Fire      80%        2d17      1%          4
 Fulminant Prism          Conj/Hex       39%        3d18      1%          4
 Ice Form                 Ice/Tmut       79%        N/A       1%          4
 Iskenderun's Mystic Bla  Conj/Tloc      79%        2d16      1%          4
 Leda's Liquefaction      Hex/Erth       39%        N/A       1%          4
 Passage of Golubria      Tloc           79%        N/A       1%          4
 Sticky Flame             Conj/Fire      80%        2d9       1%          4
 Alistair's Intoxication  Tmut/Pois      52%        N/A       1%          5
 Blade Hands              Tmut           39%        N/A       1%          5
 Fireball                 Conj/Fire      40%        3d16      1%          5
 Iskenderun's Battlesphe  Conj           79%        2d13      1%          5
 Lee's Rapid Deconstruct  Erth           39%        3d20*     1%          5
 Lightning Bolt           Conj/Air       39%        1d58      1%          5
 Manifold Assault         Tloc           79%        N/A       1%          5
 Metabolic Englaciation   Hex/Ice        39%        N/A       1%          5
 Silence                  Hex/Air        39%        N/A       1%          5
 Summon Forest            Summ/Tloc      40%        N/A       1%          5
 Summon Mana Viper        Hex/Summ       81%        N/A       1%          5
 Yara's Violent Unravell  Hex/Tmut       39%        3d16      1%          5
 Starburst                Conj/Fire      40%        6d11      1%          6
 Summon Cactus Giant      Summ           41%        N/A       1%          6
 Conjure Ball Lightning   Conj/Air       39%        3x3d13    2%          6
 Iron Shot                Conj/Erth      39%        9d8       2%          6
 Simulacrum               Ice/Necr       39%        N/A       2%          6
 Statue Form              Tmut/Erth      52%        N/A       2%          6
 Summon Hydra             Summ           41%        N/A       8%          7
 Haunt                    Necr/Summ      40%        N/A       10%         7
 Spellforged Servitor     Conj/Summ      40%        N/A       10%         7
 Dragon Form              Tmut           39%        N/A       14%         7
 Enfeeble                 Hex            39%        N/A       14%         7
 Orb of Destruction       Conj           39%        9d11      14%         7
 Ozocubu's Refrigeration  Ice            39%        4d16      14%         7
 Storm Form               Tmut/Air       39%        N/A       14%         7
 Summon Horrible Things   Summ           41%        N/A       50%         8
 Lehudib's Crystal Spear  Conj/Erth      39%        10d10     73%         8
 Maxwell's Capacitive Co  Air            39%        ∞         73%         8
 Chain Lightning          Conj/Air       39%        3d52      100%        9
 Fire Storm               Conj/Fire      40%        8d10      100%        9
 Shatter                  Erth           39%        3d31*     100%        9


Dungeon Overview and Level Annotations

Branches:
Dungeon (15/15)            Temple (1/1) D:5            Lair (5/5) D:9
 Shoals (4/4) Lair:2        Snake (4/4) Lair:3        Slime (0/5) Lair:5
    Orc (2/2) D:10            Elf (2/3) Orc:2        Vaults (1/5) D:14
 Depths (2/4) D:15        Ossuary (visited)         Desolation (visited)
Gauntlet (visited)

Altars:
Ashenzari
Cheibriados
Dithmenos
Elyvilon
Fedhas
Gozag
Hepliaklqana
Kikubaaqudgha
Makhleb
Nemelex Xobeh
Okawaru
Qazlal
Ru
Sif Muna
Trog
Uskayaw
Vehumet
Wu Jian
Xom
Yredelemnul
Zin
The Shining One
Jiyva
Lugonu

Shops:
D:1 (   D:4 *   D:6 [*   D:9 [   Orc:2 (*[*   Elf:1 ?*=:=:?[   Shoals:1 [
Shoals:2 *   Snake:3 !   Depths:1 *[(

Portals:
Abyss: Lair:5
Ziggurat: Depths:1

Annotations:
Elf:2 3 runed translucent doors
Depths:2 Vv


Innate Abilities, Weirdness & Mutations

You have very sharp teeth.
Your uncanny sense of smell can sniff out nearby items.
Your experience applies equally to all skills.
You occasionally lose the ability to drink potions when taking damage.


Message History

The yaktaur captain is engulfed in freezing vapours.
The yaktaur captain shoots a bolt.
The bolt completely misses you.
Unknown command.
Casting: Freezing Cloud (mildly dangerous; 1% risk of failure)
Confirm with . or Enter, or press ? or * to list all spells.
Aiming: Airstrike (safe; 1% risk of failure)
Press: ? - help, Dir - move target, f/p - yaktaur captain
Aim: a yaktaur captain, wielding a +0 arbalest and wearing a +0 barding (freezing vapour, heavily wounded, haloed, empty space bonus: 5/8)
The air twists around and strikes the yaktaur captain!
The yaktaur captain is severely wounded.
You hear a shout!
The yaktaur captain is engulfed in freezing vapours.
The yaktaur captain shoots a bolt.
The bolt hits you!!
* * * LOW HITPOINT WARNING * * *
Your corrosive artefact corrodes you!
You hear a shout!
You hear a screech! x2
Unknown command.
Casting: Airstrike (safe; 1% risk of failure)
Confirm with . or Enter, or press ? or * to list all spells.
Aiming: Airstrike (safe; 1% risk of failure)
Press: ? - help, Dir - move target, f/p - yaktaur captain
Aim: a yaktaur captain, wielding a +0 arbalest and wearing a +0 barding (freezing vapour, severely wounded, haloed, empty space bonus: 5/8)
The air twists around and strikes the yaktaur captain!
The yaktaur captain is almost dead.
The yaktaur captain is engulfed in freezing vapours.
The yaktaur captain shoots a bolt.
The bolt hits you!!
* * * LOW HITPOINT WARNING * * *
Casting: Airstrike (safe; 1% risk of failure)
Confirm with . or Enter, or press ? or * to list all spells.
Aiming: Airstrike (safe; 1% risk of failure)
Press: ? - help, Dir - move target, f/p - yaktaur captain
Aim: a yaktaur captain, wielding a +0 arbalest and wearing a +0 barding (freezing vapour, almost dead, haloed, empty space bonus: 5/8)
The air twists around and strikes the yaktaur captain but does no damage.
The yaktaur captain is engulfed in freezing vapours.
You kill the yaktaur captain!
A yaktaur comes into view.
The yaktaur shouts!
The yaktaur wields a +0 arbalest.
The yaktaur shoots a bolt.
The bolt hits you!!
You die...

#........# #........#
#........# #........#
#........# #........# ∆
#........# #........#
#.......@# #...§§§§.#
######)###§####### #
#.......##c..#...# p#
#.......##.[.##.## .#
#.......##...#.#.# ..#
#####.......#####'#.###'#
....'.......##.#.#.#T#T#
....#.......##..#.#.#.#


You could see a yaktaur.

Vanquished Creatures
  Bai Suzhen (Snake:4)
  Nikola (Snake:1)
  Mlioglotl (Shoals:4)
  Polyphemus (Shoals:3)
  Ilsuiw (Shoals:2)
  8 nagarajas
  2 imperial myrmidons (Desolation)
  Louise (Snake:2)
  A frost giant (Shoals:4)
  Aizul (Snake:1)
  An ironbound preserver (Vaults:1)
  A stone giant (Depths:1)
  An ironbound thunderhulk (Vaults:1)
  2 halazid warlocks (Desolation)
  A minotaur (Gauntlet)
  Azrael (Orc:2)
  The ghost of RascalDebosk the Fighter, a journeyman DjFE of Ashenzari (Lair:1)
  A deep elf annihilator (Elf:2)
  The ghost of Godmorgon the Thaumaturge, a journeyman TeCj of Vehumet (Lair:2)
  2 deep elf demonologists (Elf:2)
  The ghost of turdburglar the Grappler, a journeyman TrMo of Jiyva (Lair:1)
  3 dire elephants (Vaults:1)
  Snorg (Orc:2)
  6 merfolk javelineers (Shoals:4)
  2 fire dragons
  13 merfolk impalers
  A yaktaur captain (Vaults:1)
  11 ragged hierophants (Desolation)
  6 servants of whispers (Desolation)
  2 hydras (D:13)
  7 boulder beetles
  An ice dragon (Lair:4)
  4 vault guards
  3 salamander tyrants
  The ghost of RogueRain17 the Nimble, a journeyman MeMo of Elyvilon (Lair:1)
  13 peacekeepers
  17 anacondas
  7 merfolk aquamancers
  2 merfolk avatars (Shoals:4)
  6 two-headed ogres
  7 centaur warriors
  3 alligator snapping turtles
  A death knight (D:13)
  A catoblepas (Shoals:4)
  5 dancing weapons
  An alligator (shapeshifter) (D:13)
  A deep troll shaman (Depths:1)
  15 naga warriors
  2 orc high priests (Elf:2)
  3 tengu warriors
  2 death yaks (Shoals:3)
  A vampire mage (Elf:2)
  22 naga sharpshooters
  2 thrashing horrors (Lair:5)
  9 shock serpents
  8 deep elf knights
  A sea snake (shapeshifter) (D:15)
  2 skeletal warriors
  3 salamander mystics (Snake:4)
  Lodul (D:14)
  14 sea snakes
  6 deep elf archers
  A death drake (shapeshifter) (Lair:5)
  3 deep trolls
  9 naga ritualists
  2 shadow demons (Elf:2)
  2 wizards (D:14)
  3 ironbound convokers (Desolation)
  2 orc knights (Orc:2)
  A glowing orange brain (D:15)
  8 deep elf zephyrmancers
  Pikel (D:5)
  19 harpies
  2 lindwurms (Vaults:1)
  17 deep elf pyromancers
  A kraken simulacrum (Shoals:4)
  6 mana vipers
  10 orc sorcerers
  26 ugly things
  18 manticores
  13 fauns
  A moth of wrath (Gauntlet)
  10 cyclopes
  20 salamanders
  Maurice (Orc:2)
  10 merfolk sirens
  6 guardian serpents
  An elephant (shapeshifter) (D:13)
  4 water nymphs
  3 molten gargoyles (Desolation)
  A torpor snail (Lair:2)
  10 cane toads
  6 gargoyles (D:12)
  53 black mambas
  19 naga magi
  A komodo dragon (shapeshifter) (D:13)
  3 rime drakes
  3 kobold demonologists
  6 tengu conjurers
  A yaktaur (D:10)
  2 freezing wraiths
  7 komodo dragons
  An ancient zyme (Lair:5)
  A queen bee (Lair:2)
  An ice devil (Depths:2)
  12 trolls
  37 merfolk
  7 wind drakes
  3 polar bears
  A hornet (shapeshifter) (D:13)
  3 hornets
  18 blink frogs
  18 slime creatures
  53 saltlings (Desolation)
  11 dream sheep
  Prince Ribbit (Lair:3)
  A raiju (shapeshifter) (D:13)
  3 shadows
  12 snapping turtles
  2 ynoxinuls
  Sigmund (D:5)
  2 centaur simulacra (Gauntlet)
  3 air elementals (Elf:1)
  A spriggan (Lair:5)
  3 wyverns
  13 water elementals
  2 wraiths
  Eustachio (D:6)
  3 fire elementals
  37 yaks
  A vampire (D:13)
  A human (D:13)
  6 basilisks
  11 small abominations (Lair:5)
  A neqoxec (Depths:2)
  3 vampire mosquitoes
  2 chaos spawn (Lair:5)
  A redback simulacrum (Gauntlet)
  2 redbacks (Gauntlet)
  16 wargs
  Edmund (D:6)
  46 nagas
  An acid dragon (D:13)
  A harpy simulacrum (Gauntlet)
  A hell hound (Orc:2)
  16 water moccasins
  Duvessa (D:4)
  22 orc warriors
  2 ice beasts
  A sky beast (D:7)
  3 black bears
  A meliai simulacrum (Gauntlet)
  18 ogres
  8 boggarts
  12 wolves
  12 centaurs
  A phantom (D:5)
  Blork the orc (D:5)
  3 kobold brigands
  14 bullfrogs
  3 scorpions
  An earth elemental (Elf:2)
  3 necrophages
  18 wights
  25 killer bees
  Dowan (D:4)
  3 electric eels
  4 howler monkeys
  2 vampire bats (D:7)
  2 centaur zombies (Ossuary)
  3 jellies (D:3)
  5 orc priests
  9 hounds
  4 iguanas
  40 orc wizards
  7 mummies
  15 gnolls
  8 adders
  2 shadow imps (D:8)
  6 white imps
  3 ufetubi
  2 worms
  92 orcs
  15 bats
  3 bat skeletons (D:7)
  A bat zombie (D:7)
  13 endoplasms
  5 giant cockroaches
  4 goblins
  5 hobgoblins
  8 jackals
  5 quokkas
  10 ball pythons
  5 frilled lizards
  8 hobgoblin zombies
  13 kobolds
  A kobold zombie (D:8)
  A rat (D:2)
1374 creatures vanquished.

Vanquished Creatures (collateral kills)
  A thrashing horror (Lair:5)
  2 smoke demons (Lair:5)
  An ancient zyme (Lair:5)
  A saltling (Desolation)
5 creatures vanquished.

Vanquished Creatures (others)
  A harpy (Shoals:2)
  A blink frog (Lair:5)
  A basilisk (Lair:5)
  An orc wizard (Orc:2)
  23 foxfires (D:13)
  30 fungi
  158 plants
  3 tentacles (Shoals:4)
  7 toadstools (D:3)
  7 withered plants
232 creatures vanquished.

Grand Total: 1611 creatures vanquished

Notes
Turn   | Place    | Note
-------+----------+-------------------------------------------
     0 | D:1      | cdecastro the Gnoll Cinder Acolyte began the quest for the
                  | Orb.
     0 | D:1      | Reached XP level 1. HP: 23/23 MP: 4/4
   259 | D:1      | Reached XP level 2. HP: 27/29 MP: 5/5
   289 | D:1      | Learned a level 2 spell: Scorch
   303 | D:1      | You fall into a shaft and drop 1 floor!
   363 | D:1      | Found a faded altar of an unknown god.
   628 | D:1      | Found Vixzuap's Antique Weapon Shoppe.
  1069 | D:2      | Reached XP level 3. HP: 35/35 MP: 7/7
  1127 | D:2      | Reached skill level 1 in Invocations
  1365 | D:2      | Reached skill level 1 in Short Blades
  1365 | D:2      | Reached skill level 1 in Long Blades
  1365 | D:2      | Reached skill level 1 in Axes
  1365 | D:2      | Reached skill level 1 in Maces & Flails
  1365 | D:2      | Reached skill level 1 in Staves
  1365 | D:2      | Reached skill level 1 in Ranged Weapons
  1365 | D:2      | Reached skill level 1 in Throwing
  1365 | D:2      | Reached skill level 1 in Armour
  1365 | D:2      | Reached skill level 1 in Dodging
  1365 | D:2      | Reached skill level 1 in Stealth
  1365 | D:2      | Reached skill level 1 in Shields
  1365 | D:2      | Reached skill level 1 in Unarmed Combat
  1365 | D:2      | Reached skill level 1 in Evocations
  1399 | D:2      | Reached XP level 4. HP: 35/41 MP: 8/8
  1581 | D:2      | Reached skill level 3 in Spellcasting
  1854 | D:3      | Reached skill level 1 in Conjurations
  1854 | D:3      | Reached skill level 1 in Hexes
  1854 | D:3      | Reached skill level 1 in Summonings
  1854 | D:3      | Reached skill level 1 in Necromancy
  1854 | D:3      | Reached skill level 1 in Translocations
  1854 | D:3      | Reached skill level 1 in Transmutations
  1854 | D:3      | Reached skill level 1 in Ice Magic
  1854 | D:3      | Reached skill level 1 in Air Magic
  1854 | D:3      | Reached skill level 1 in Earth Magic
  1854 | D:3      | Reached skill level 1 in Poison Magic
  1858 | D:3      | Found a broken altar of Ashenzari.
  2096 | D:3      | Noticed a bullfrog
  2102 | D:3      | Killed a bullfrog
  2103 | D:3      | Reached XP level 5. HP: 47/47 MP: 2/9
  2477 | D:3      | Found a burning altar of Makhleb.
  2517 | D:3      | Noticed an ogre
  2529 | D:3      | Killed an ogre
  2530 | D:3      | Reached XP level 6. HP: 23/53 MP: 1/11
  2986 | D:3      | Found a hazy altar of Hepliaklqana.
  3776 | D:4      | Reached XP level 7. HP: 57/60 MP: 12/12
  4506 | D:4      | Noticed Duvessa
  4541 | D:4      | Killed Duvessa
  4542 | D:4      | Reached skill level 4 in Spellcasting
  4641 | D:4      | Noticed Dowan
  4748 | D:4      | Killed Dowan
  5008 | D:4      | Reached XP level 8. HP: 67/67 MP: 7/14
  5114 | D:4      | Found Ypsifios's Gadget Gallery.
  5280 | D:5      | Entered Level 5 of the Dungeon
  5355 | D:5      | Noticed Sigmund
  5364 | D:5      | Killed Sigmund
  5615 | D:5      | Found a stormy altar of Qazlal.
  6029 | D:5      | Noticed Blork the orc
  6035 | D:5      | Killed Blork the orc
  6146 | D:5      | Found a staircase to the Ecumenical Temple.
  6162 | Temple   | Entered the Ecumenical Temple
  6541 | D:5      | Found a shadowy altar of Dithmenos.
  6670 | D:6      | Noticed Pikel
  6670 | D:6      | Found Ezosh's Armour Shoppe.
  6684 | D:5      | Killed Pikel
  6685 | D:5      | Reached skill level 5 in Spellcasting
  6685 | D:5      | Reached XP level 9. HP: 35/74 MP: 1/16
  7058 | D:1      | Bought a crude spear for 208 gold pieces
  7058 | D:1      | Identified the +4 spear "Beetlebane" {freeze, rC+ Will+
                  | Str+5} (You bought it in a shop on level 1 of the Dungeon)
  7646 | D:6      | Found Pynybos's Overcharged Wands.
  7661 | D:6      | Noticed Edmund
  7671 | D:6      | Killed Edmund
  7980 | D:6      | Found a shimmering altar of Xom.
  8030 | D:6      | Noticed Eustachio
  8208 | D:6      | Found an ornate altar of the Wu Jian Council.
  8208 | D:6      | Found a sacrificial altar of Ru.
  8258 | D:6      | Killed Eustachio
  8426 | D:7      | Reached skill level 5 in Invocations
  8918 | D:7      | Noticed a two-headed ogre
  8947 | D:7      | Killed a two-headed ogre
  8948 | D:7      | Reached skill level 5 in Short Blades
  8948 | D:7      | Reached skill level 5 in Long Blades
  8948 | D:7      | Reached skill level 5 in Axes
  8948 | D:7      | Reached skill level 5 in Maces & Flails
  8948 | D:7      | Reached skill level 5 in Staves
  8948 | D:7      | Reached skill level 5 in Ranged Weapons
  8948 | D:7      | Reached skill level 5 in Throwing
  8948 | D:7      | Reached skill level 5 in Armour
  8948 | D:7      | Reached skill level 5 in Dodging
  8948 | D:7      | Reached skill level 5 in Stealth
  8948 | D:7      | Reached skill level 5 in Shields
  8948 | D:7      | Reached skill level 5 in Unarmed Combat
  8948 | D:7      | Reached skill level 6 in Spellcasting
  8948 | D:7      | Reached skill level 5 in Evocations
  8948 | D:7      | Reached XP level 10. HP: 65/82 MP: 4/19
  9419 | D:7      | Found a large runed translucent door.
  9420 | D:7      | Found a large runed translucent door.
  9698 | D:7      | Learned a level 2 spell: Blink
  9705 | D:7      | Learned a level 2 spell: Ensorcelled Hibernation
  9928 | D:7      | Found an ancient bone altar of Kikubaaqudgha.
 10492 | D:7      | Noticed a deep elf pyromancer
 10597 | D:6      | Killed a deep elf pyromancer
 11056 | D:7      | Found a shimmering blue altar of Sif Muna.
 11112 | D:7      | Found a basalt altar of Yredelemnul.
 11152 | D:7      | Noticed a kobold demonologist
 11174 | D:7      | Killed a kobold demonologist
 11322 | D:7      | Reached skill level 5 in Conjurations
 11322 | D:7      | Reached skill level 5 in Hexes
 11322 | D:7      | Reached skill level 5 in Summonings
 11322 | D:7      | Reached skill level 5 in Necromancy
 11322 | D:7      | Reached skill level 5 in Translocations
 11322 | D:7      | Reached skill level 5 in Transmutations
 11322 | D:7      | Reached skill level 5 in Ice Magic
 11322 | D:7      | Reached skill level 5 in Air Magic
 11322 | D:7      | Reached skill level 5 in Earth Magic
 11322 | D:7      | Reached skill level 5 in Poison Magic
 11322 | D:7      | Reached XP level 11. HP: 80/89 MP: 10/21
 11717 | D:7      | Noticed a deep elf pyromancer
 11729 | D:7      | Killed a deep elf pyromancer
 12128 | D:8      | Reached skill level 7 in Spellcasting
 12131 | D:8      | Found a sand-covered staircase.
 12168 | Ossuary  | Entered an ossuary
 14040 | D:9      | Found a staircase to the Lair.
 14252 | D:9      | Noticed a two-headed ogre
 14264 | D:9      | Killed a two-headed ogre
 14329 | D:9      | Found Cewahytt's Antique Armour Boutique.
 15106 | D:10     | Entered Level 10 of the Dungeon
 15540 | D:10     | Found a staircase to the Orcish Mines.
 16065 | D:10     | Noticed a boulder beetle
 16304 | D:10     | Noticed a boulder beetle
 16306 | D:10     | Noticed a skeletal warrior
 16459 | D:10     | Killed a boulder beetle
 16460 | D:10     | Reached XP level 12. HP: 62/97 MP: 6/23
 16798 | D:10     | Killed a boulder beetle
 17019 | D:10     | Identified the +2 long sword of Haript {holy, rPois rN+
                  | Will+}
 17833 | D:11     | Learned a level 3 spell: Swiftness
 17837 | D:11     | Learned a level 3 spell: Ozocubu's Armour
 18438 | D:11     | Noticed a two-headed ogre
 18443 | D:11     | Killed a two-headed ogre
 18444 | D:11     | Reached skill level 10 in Fighting
 18444 | D:11     | Reached skill level 10 in Polearms
 18444 | D:11     | Reached skill level 8 in Spellcasting
 18808 | D:12     | Noticed a two-headed ogre
 18814 | D:12     | Killed a two-headed ogre
 19153 | D:12     | Noticed a two-headed ogre
 19163 | D:12     | Killed a two-headed ogre
 19192 | D:12     | Noticed a seven-headed hydra
 19218 | D:12     | Noticed a boulder beetle
 19395 | D:12     | Killed a boulder beetle
 19683 | D:12     | Found a flickering gateway to a bazaar.
 19705 | Bazaar   | Entered a bazaar
 19737 | Bazaar   | Found Tawater's Antique Weapon Boutique.
 19754 | Bazaar   | Found Osoewuheaf's General Store.
 19759 | Bazaar   | Bought a scroll of magic mapping for 75 gold pieces
 19792 | Bazaar   | Found Voil's Armour Boutique.
 19808 | Bazaar   | Found Vimpu's Book Emporium.
 19851 | Bazaar   | Bought a Trismegistus Codex for 364 gold pieces
 19865 | Bazaar   | Bought a +0 pair of gloves of strength for 80 gold pieces
 20013 | D:12     | Learned a level 3 spell: Ignite Poison
 20017 | D:12     | Learned a level 3 spell: Mephitic Cloud
 20391 | D:13     | Noticed a centaur warrior
 20395 | D:13     | Reached XP level 13. HP: 60/104 MP: 14/25
 21105 | D:13     | Found a flickering gateway to a bazaar.
 21129 | Bazaar   | Entered a bazaar
 21129 | Bazaar   | Found Suobruf's Assorted Antiques.
 21129 | Bazaar   | Found Xuzis's Magic Scroll Shoppe.
 21129 | Bazaar   | Found Peur's Book Emporium.
 21129 | Bazaar   | Found Neblynai's Magic Scroll Emporium.
 21163 | Bazaar   | Bought a scroll of fear for 56 gold pieces
 21425 | D:13     | Reached skill level 9 in Spellcasting
 22223 | D:13     | HP: 4/105 [skeletal warrior/+0 glaive (23)]
 22979 | D:13     | Identified a scroll of acquirement
 22979 | D:13     | Acquired 784 gold pieces
 23221 | D:9      | Bought a bloodstained ring mail for 279 gold pieces
 23221 | D:9      | Identified the +3 ring mail "Azxilodgh" {rPois Will+} (You
                  | bought it in a shop on level 9 of the Dungeon)
 23221 | D:9      | Bought a heavily runed scale mail for 279 gold pieces
 23221 | D:9      | Identified the +0 scale mail of the Playwright {Slay+2}
                  | (You bought it in a shop on level 9 of the Dungeon)
 23221 | D:9      | Bought a distressingly furry leather armour for 217 gold
                  | pieces
 23221 | D:9      | Identified the +2 leather armour of Altruism {rPois rN+
                  | Stlth+} (You bought it in a shop on level 9 of the Dungeon)
 24170 | D:14     | Noticed a fire dragon
 24187 | D:14     | Killed a fire dragon
 24297 | D:13     | Reached skill level 10 in Invocations
 24297 | D:13     | Reached XP level 14. HP: 76/113 MP: 3/27
 24885 | D:14     | Noticed Lodul
 25289 | D:14     | Killed Lodul
 25638 | D:14     | Reached skill level 10 in Spellcasting
 25860 | D:14     | Found a gate to the Vaults.
 26154 | D:15     | Entered Level 15 of the Dungeon
 26733 | D:15     | Found a white marble altar of Elyvilon.
 27206 | D:15     | Identified the +6 flail of the Forest {freeze, Dex+6}
 27521 | D:15     | Reached skill level 10 in Fire Magic
 27940 | D:15     | Reached skill level 10 in Short Blades
 27940 | D:15     | Reached skill level 10 in Long Blades
 27940 | D:15     | Reached skill level 10 in Axes
 27940 | D:15     | Reached skill level 10 in Maces & Flails
 27940 | D:15     | Reached skill level 10 in Staves
 27940 | D:15     | Reached skill level 10 in Ranged Weapons
 27940 | D:15     | Reached skill level 10 in Throwing
 27940 | D:15     | Reached skill level 10 in Armour
 27940 | D:15     | Reached skill level 10 in Dodging
 27940 | D:15     | Reached skill level 10 in Stealth
 27940 | D:15     | Reached skill level 10 in Shields
 27940 | D:15     | Reached skill level 10 in Unarmed Combat
 27940 | D:15     | Reached skill level 10 in Evocations
 28249 | D:15     | Found a staircase to the Depths.
 28518 | D:10     | Reached XP level 15. HP: 120/120 MP: 21/29
 28603 | Orc:1    | Entered Level 1 of the Orcish Mines
 28982 | Orc:1    | You fall into a shaft and drop 1 floor!
 28982 | Orc:2    | Entered Level 2 of the Orcish Mines
 29199 | Orc:1    | Learned a level 4 spell: Airstrike
 29206 | Orc:1    | Learned a level 5 spell: Freezing Cloud
 29211 | Orc:1    | Learned a level 4 spell: Summon Lightning Spire
 29698 | Orc:2    | Noticed Maurice
 29703 | Orc:2    | Killed Maurice
 29797 | Orc:2    | Found a staircase to the Elven Halls.
 30010 | Orc:2    | Noticed Azrael
 30050 | Orc:2    | Killed Azrael
 30670 | Orc:2    | Noticed Snorg
 30690 | Orc:2    | Killed Snorg
 30851 | Orc:2    | Found Feyc Umm's Antique Weapon Shop.
 30851 | Orc:2    | Found Yreadeg's Assorted Antiques.
 30909 | Orc:2    | Bought a scroll of magic mapping for 217 gold pieces
 30909 | Orc:2    | Bought a scroll of teleportation for 87 gold pieces
 30995 | Orc:2    | Found Joageqo's Armour Shop.
 30995 | Orc:2    | Found Quesh's General Store.
 31342 | Orc:2    | Bought 2 potions of haste for 580 gold pieces
 31342 | Orc:2    | Bought a potion of curing for 87 gold pieces
 31342 | Orc:2    | Bought a potion of brilliance for 116 gold pieces
 31376 | Orc:2    | Bought a phial of floods for 640 gold pieces
 31731 | Lair:1   | Entered Level 1 of the Lair of Beasts
 32005 | Lair:1   | Found a runed translucent gate.
 32005 | Lair:1   | Found a runed translucent gate.
 32005 | Lair:1   | Found a runed translucent gate.
 32578 | Lair:1   | Noticed RascalDebosk's ghost (journeyman DjFE)
 32578 | Lair:1   | Noticed RogueRain17's ghost (journeyman MeMo)
 32578 | Lair:1   | Noticed turdburglar's ghost (journeyman TrMo)
 32919 | Lair:2   | Reached skill level 11 in Spellcasting
 33043 | Lair:2   | Found a staircase to the Shoals.
 33088 | Lair:2   | Found a gate leading to a gauntlet.
 33134 | Gauntlet | Entered a Gauntlet
 33134 | Gauntlet | Found a transporter.
 33143 | Gauntlet | Found a transporter.
 33162 | Gauntlet | Found a transporter.
 33163 | Gauntlet | Found a transporter.
 33183 | Gauntlet | Found a transporter.
 33196 | Gauntlet | Found a transporter.
 33199 | Gauntlet | Found a transporter.
 33203 | Gauntlet | Found a transporter.
 33226 | Gauntlet | Found a transporter.
 33249 | Gauntlet | Found a transporter.
 33250 | Gauntlet | Found a transporter.
 33252 | Gauntlet | Found a runed translucent door.
 33258 | Gauntlet | Found a transporter.
 33266 | Gauntlet | Found a runed translucent door.
 33386 | Gauntlet | Identified the +2 hat "Fudef" {Int+5}
 33580 | Gauntlet | Got the Spellbook of the Soldier
 34127 | Lair:2   | Noticed Godmorgon's ghost (journeyman TeCj)
 34128 | Lair:2   | Found a transporter.
 34131 | Lair:2   | Found a transporter.
 34849 | Lair:3   | Noticed Prince Ribbit
 34861 | Lair:3   | Killed Prince Ribbit
 34981 | Lair:3   | Found a staircase to the Snake Pit.
 36130 | Lair:4   | Got the Catalogue of Enchantment
 36944 | Lair:5   | Entered Level 5 of the Lair of Beasts
 37032 | Lair:5   | Reached XP level 16. HP: 113/129 MP: 20/31
 37903 | Lair:5   | Identified the ring "Catusa" {rElec rCorr Dex+5}
 38249 | Lair:5   | Found a corrupted altar of Lugonu.
 38249 | Lair:5   | Found a one-way gate to the infinite horrors of the Abyss.
 38274 | Lair:5   | Got the Reference Book on the Arsonist and Grit
 38276 | Lair:5   | Identified the +5 great sword of the Unspeakable One
                  | {vorpal, Int+4}
 38785 | Lair:5   | Found a staircase to the Slime Pits.
 38792 | Lair:5   | Found a viscous altar of Jiyva.
 39920 | Elf:1    | Entered Level 1 of the Elven Halls
 40321 | Elf:1    | Found Pydd's Magic Scroll Boutique.
 40343 | Elf:1    | Found Syadil's Assorted Antiques.
 40418 | Elf:1    | Found a crumbling gateway.
 40483 | Desolati | Entered the Desolation of Salt
 42325 | Desolati | HP: 5/130 [peacekeeper (6)]
 43149 | Desolati | Identified the +12 flail of Animal Spirits {spect, *Corrode
                  | rElec Will+++ Stlth-}
 43904 | Desolati | Got Yroh's Commentary on the Dynamic Ground
 43969 | Desolati | Reached skill level 12 in Spellcasting
 44350 | Desolati | Reached XP level 17. HP: 106/137 MP: 33/33
 44457 | Desolati | Got the Discourse on Conduction
 44465 | Desolati | Identified the ring "Feokhleta" {rF+ rCorr Str+2 Dex+4
                  | SInv}
 44575 | Desolati | HP: 6/137 [saltling (23)]
 44989 | Desolati | Learned a level 5 spell: Irradiate
 45020 | Desolati | Identified the +1 leather armour of Sunlight {-Tele Drain
                  | Str+8 Stlth+}
 45247 | Desolati | Reached skill level 10 in Conjurations
 45247 | Desolati | Reached skill level 10 in Hexes
 45247 | Desolati | Reached skill level 10 in Summonings
 45247 | Desolati | Reached skill level 10 in Necromancy
 45247 | Desolati | Reached skill level 10 in Translocations
 45247 | Desolati | Reached skill level 10 in Transmutations
 45247 | Desolati | Reached skill level 10 in Ice Magic
 45247 | Desolati | Reached skill level 10 in Air Magic
 45247 | Desolati | Reached skill level 10 in Earth Magic
 45247 | Desolati | Reached skill level 10 in Poison Magic
 45693 | Desolati | Glimpsed the power of Zot.
 45769 | Desolati | Got the Teachings on Elsewhere and Permutations
 46200 | Desolati | Glimpsed the power of Zot.
 46206 | Desolati | Identified the +0 ring mail of Inviolability {rF- Dex+3
                  | Slay+4}
 46218 | Desolati | Identified the +0 arbalest of the Endless Thickets {vorpal,
                  | rElec Will+ Dex+3}
 46231 | Desolati | Got the Handbook of Confrontation and the Voyage
 46235 | Desolati | Identified the ring "Kear" {rCorr Dex+7}
 47244 | Elf:1    | Found Qocwu's Book Boutique.
 47268 | Elf:1    | Found an ancient bone altar of Kikubaaqudgha.
 47442 | Elf:1    | Found Voprol's Jewellery Emporium.
 47442 | Elf:1    | Found Qapyadom's Book Shop.
 47443 | Elf:1    | Found Eqaunk's Jewellery Emporium.
 47486 | Elf:1    | Found Sigoxeydd's Antique Armour Shop.
 47505 | Elf:1    | Found Gammeaxt's Magic Scroll Shop.
 47513 | Elf:1    | Bought a scroll of teleportation for 42 gold pieces
 47839 | Elf:1    | Bought a potion of curing for 78 gold pieces
 47907 | Elf:1    | Identified the +3 ring mail of Hedging {rElec}
 49930 | Elf:2    | Reached skill level 13 in Spellcasting
 50118 | Elf:2    | Found a runed translucent gate.
 50118 | Elf:2    | Found a runed translucent gate.
 50120 | Elf:2    | Found a runed translucent gate.
 50262 | Elf:2    | Found a shimmering blue altar of Sif Muna.
 50317 | Elf:2    | Identified the ring "Haygiu Arghy" {EV+4 Int+3 Dex-2}
 50658 | Elf:2    | Identified the amulet "Othrumum" {RegenMP Regen+}
 50662 | Elf:2    | Noticed a Hell Sentinel
 51363 | Elf:2    | Got Dobaihav's Catalogue of the Swarm
 51899 | Snake:1  | Entered Level 1 of the Snake Pit
 52530 | Snake:1  | Noticed Nikola
 52544 | Snake:1  | Killed Nikola
 53036 | Snake:1  | Noticed Aizul
 53052 | Snake:1  | Killed Aizul
 53053 | Snake:1  | Reached XP level 18. HP: 85/146 MP: 29/35
 53496 | Snake:2  | Noticed Louise
 53512 | Snake:2  | HP: 6/146 [constriction[a naga ritualist] (2)]
 55711 | Snake:2  | Reached skill level 14 in Spellcasting
 55806 | Snake:2  | Killed Louise
 59059 | Snake:3  | Found Qaos Vet's Distillery.
 59062 | Snake:3  | Bought a potion of might for 72 gold pieces
 59062 | Snake:3  | Bought a potion of heal wounds for 90 gold pieces
 60840 | Snake:3  | Reached XP level 19. HP: 153/153 MP: 27/37
 61322 | Snake:4  | Entered Level 4 of the Snake Pit
 62336 | Snake:4  | Reached skill level 15 in Spellcasting
 62444 | Snake:4  | Noticed Bai Suzhen
 62465 | Snake:4  | Killed Bai Suzhen
 64957 | Snake:4  | Got a serpentine rune of Zot
 64978 | Snake:4  | Reached skill level 15 in Fighting
 64978 | Snake:4  | Reached skill level 15 in Polearms
 66063 | Shoals:1 | Entered Level 1 of the Shoals
 66845 | Shoals:1 | Found Foupnam's Armour Boutique.
 68270 | Shoals:2 | Reached skill level 15 in Invocations
 68965 | Shoals:2 | Found Iremuocu's General Store.
 69056 | Shoals:2 | Noticed Ilsuiw
 69599 | Shoals:2 | Killed Ilsuiw
 69600 | Shoals:2 | Reached skill level 16 in Spellcasting
 69600 | Shoals:2 | Reached XP level 20. HP: 150/162 MP: 19/40
 71082 | Lair:1   | Killed RogueRain17's ghost
 71083 | Lair:1   | Killed turdburglar's ghost
 71084 | Lair:1   | Killed RascalDebosk's ghost
 71135 | Lair:1   | Identified the amulet of Egalitarianism {Faith rC- rCorr
                  | Int+8 Dex-3}
 71302 | Lair:2   | Killed Godmorgon's ghost
 72139 | Shoals:4 | Entered Level 4 of the Shoals
 72237 | Shoals:4 | Noticed Mlioglotl
 72247 | Shoals:4 | Killed Mlioglotl
 72538 | Shoals:4 | Noticed Polyphemus
 73557 | Shoals:3 | Killed Polyphemus
 76832 | Shoals:4 | Got a barnacled rune of Zot
 77247 | Depths:1 | Entered Level 1 of the Depths
 77617 | Depths:1 | Found Ebbypt's General Store.
 77619 | Depths:1 | Found Aqackif's Antique Armour Emporium.
 77778 | Depths:1 | Found Nemedd's Antique Weapon Shoppe.
 77789 | Depths:1 | Bought a potion of heal wounds for 75 gold pieces
 77789 | Depths:1 | Bought a potion of brilliance for 60 gold pieces
 77789 | Depths:1 | You fall into a shaft and drop 1 floor!
 77853 | Depths:2 | Gained mutation: You occasionally lose the ability to drink
                  | potions when taking damage. [a neqoxec]
 77895 | Depths:2 | Noticed Vv
 77909 | Depths:1 | Found a one-way gateway to a ziggurat.
 77911 | Depths:1 | Paralysed by a floating eye for 4 turns
 78237 | Vaults:1 | Entered Level 1 of the Vaults
 78573 | Vaults:1 | Reached skill level 17 in Spellcasting
 78725 | Vaults:1 | HP: 2/164 [yaktaur captain/bolt (23)]
 78727 | Vaults:1 | Shot with a bolt by a yaktaur

Illustrated notes

Levels and vault maps discovered:
D:1:      tarquinn_simple_flora_water_e, layout_loops_ring, serial_shops,
          nicolae_lakefront_shop, shapermc_ecumenical_altar_mp_highgroup
D:2:      layout_basic
D:3:      cheibrodos_fertilizer, layout_basic, nicolae_hepliaklqana_hazy_memory,
          ashenzari_altar_1, lightli_temple_of_fire
D:4:      layout_basic, hangedman_abyss_or_decor_slice, st_stairs_1,
          nicolae_shop_gadgets, uniq_duvessa
D:5:      layout_rooms, lemuel_coloured_pillars_altar,
          mainiacjoe_overflow_surrounded_room, minmay_temple_entry_offerings,
          serial_bayou_lagoon_a, grunt_decor_one_mirror, uniq_sigmund,
          uniq_blork_the_orc
D:6:      layout_basic, tgw_xom, gammafunk_temple_overflow_elements,
          serial_shops, nicolae_stop_n_shop_1, nicolae_shop_overcharged_wands,
          uniq_edmund, uniq_eustachio, uniq_pikel
D:7:      minmay_slanted_spiral_squares, layout_basic,
          kennysheep_vampire_church, jmf_multi_god_temple2
D:8:      layout_cave_pools, nicolae_ossuary_entry_giza
D:9:      layout_basic, erik_lair_island, serial_shops, shop_coins,
          dk_noncrumbling_2
D:10:     layout_gridville, orc_0_dummy, minmay_fractal_squares_gapless_7
D:11:     dreamdust_cave_troll, layout_irregular_city, eino_jars
D:12:     cheibrodos_statue_roulette, layout_irregular_city,
          serial_column_ruins, column_ruins_hut, column_ruins_columns_straight,
          column_ruins_open_tiny, column_ruins_open_medium,
          column_ruins_open_medium, column_ruins_open_tiny, serial_shops,
          bzr_entry_safe
D:13:     four-leaf_vault, layout_long_grid, serial_shops, bzr_entry_customers
D:14:     layout_rooms, lightli_vaults_fourway_checkpoint,
          wad_floor_pattern_untrapped, due_unseen_surprise, uniq_lodul
D:15:     gammafunk_enter_depths_forms, layout_loops_corners, elyvilon_altar_4
Temple:   minmay_temple_curvy_loop
Lair:1:   layout_regular_city, gammafunk_ghost_cemetery
Lair:2:   layout_cave_pods, shoals_dummy_entry, gammafunk_ghost_hive,
          gauntlet_entry_generic, roderic_batcave, grunt_megastairs_3
Lair:3:   layout_long_grid, guppyfry_snake_entry_island, uniq_prince_ribbit2
Lair:4:   layout_roguey, chequers_serial_rivers_room_b, bobbens_ice_dragon_lair
Lair:5:   hellmonk_lair_end_abyssal_woods, layout_cave_pods, slime_entry_1
Shoals:1: layout_shoals, serial_shops, shop
Shoals:2: layout_shoals, serial_shops, nicolae_diamond_shop,
          nicolae_shoals_isolated_beach, uniq_ilsuiw
Shoals:3: nicolae_shoals_island_circles, layout_shoals
Shoals:4: shoals_end_grunt_ice, layout_shoals, uniq_mlioglotl, uniq_polyphemus
Snake:1:  layout_misc_corridors, serial_bayou_shore_b, uniq_nikola, uniq_aizul
Snake:2:  layout_misc_corridors, nicolae_snake_scaly_snakehead,
          grunt_megastairs_5, serial_bayou_shore_a, lemuel_fruit_tree,
          uniq_louise
Snake:3:  layout_chambers, nicolae_stop_n_shop_1, grunt_megastairs_1
Snake:4:  snake_pit, layout_cave_town, abandoned_shop, serial_bayou_crossing,
          uniq_bai_suzhen
Orc:1:    cheibrodos_orc_guarddog, layout_diamond_mine, nooodl_orcs_dogs
Orc:2:    st_orc_town, layout_diamond_mine, statue_in_the_mist_lemuel,
          uniq_snorg, uniq_azrael, uniq_maurice
Elf:1:    eino_elf_arrival_shootout, layout_loops_ring, serial_shops,
          shop_fountains, shop, nicolae_shop_statue_plus,
          nicolae_lakefront_shop, nicolae_square_shop,
          portal_desolation_entry_twin_temple, nicolae_elf_v_pinch,
          david_defended_altar_elf, minmay_shop_grove
Elf:2:    nicolae_elf_blades_splatter_lattice [mumra_blade_entry_dagger],
          layout_gridlike, hangedman_summoners_spam
Vaults:1: v_pattern_3, v_misc_3, nicolae_vaults_network_star,
          nicolae_vaults_circle_grid_b, vaults_dpeg_diagonal,
          hangedman_vaults_hat, grunt_vaults_hallway_short,
          ontoclasm_vaults_twist, nicolae_vaults_theta, grunt_vaults_diagonal,
          nicolae_vaults_alarming, vaults_dpeg_emergency_exit,
          layout_vaults_maze_snakey
Depths:1: layout_big_octagon, enter_ziggurat_d, serial_sigils_hangedman_quiver,
          hellmonk_ghost_happy_afterlife, grunt_metal_band, drop_trap,
          minmay_starry_boxes, minmay_shop_star, serial_bayou_shore_b
Depths:2: grunt_forest_end_chambers, layout_cave_pools, pf_coc_iceberg,
          hangedman_abyss_entry_splay, serial_shops, kennysheep_mini_moat,
          grunt_pan_entry_spiral, item_on_display_a, uniq_vv, uniq_asterion

Skill      XL: |  1  2  3  4  5  6  7  8  9 10 11 12 13 14 15 16 17 18 19 20 |
---------------+-------------------------------------------------------------+-----
Invocations    | 1 2 3 4 5 6 7 8 10 11 12 13 14 15 | 15.7
Short Blades   | 1 2 3 4 5 6 7 8 9 10 11 12 13 14 | 14.5
Long Blades    | 1 2 3 4 5 6 7 8 9 10 11 12 13 14 | 14.5
Axes           | 1 2 3 4 5 6 7 8 9 10 11 12 13 14 | 14.5
Maces & Flails | 1 2 3 4 5 6 7 8 9 10 11 12 13 14 | 14.5
Staves         | 1 2 3 4 5 6 7 8 9 10 11 12 13 14 | 14.5
Ranged Weapons | 1 2 3 4 5 6 7 8 9 10 11 12 13 14 | 14.5
Throwing       | 1 2 3 4 5 6 7 8 9 10 11 12 13 14 | 14.5
Armour         | 1 2 3 4 5 6 7 8 9 10 11 12 13 14 | 14.5
Dodging        | 1 2 3 4 5 6 7 8 9 10 11 12 13 14 | 14.5
Stealth        | 1 2 3 4 5 6 7 8 9 10 11 12 13 14 | 14.5
Shields        | 1 2 3 4 5 6 7 8 9 10 11 12 13 14 | 14.5
Unarmed Combat | 1 2 3 4 5 6 7 8 9 10 11 12 13 14 | 14.5
Evocations     | 1 2 3 4 5 6 7 8 9 10 11 12 13 14 | 14.5
Spellcasting   | 3 4 5 6 7 8 9 10 11 12 13 14 16 17 | 17.0
Conjurations   | 1 2 3 4 5 6 7 8 9 10 11 12 | 12.3
Hexes          | 1 2 3 4 5 6 7 8 9 10 11 12 | 12.3
Summonings     | 1 2 3 4 5 6 7 8 9 10 11 13 | 13.9
Necromancy     | 1 2 3 4 5 6 7 8 9 10 11 12 | 12.3
Translocations | 1 2 3 4 5 6 7 8 9 10 11 12 | 12.3
Transmutations | 1 2 3 4 5 6 7 8 9 10 11 12 | 12.3
Ice Magic      | 1 2 3 4 5 6 7 8 9 10 11 12 | 12.3
Air Magic      | 1 2 3 4 5 6 7 8 9 10 11 12 | 12.3
Earth Magic    | 1 2 3 4 5 6 7 8 9 10 11 12 | 12.3
Poison Magic   | 1 2 3 4 5 6 7 8 9 10 11 12 | 12.3
Fighting       | 7 8 9 10 11 12 13 14 15 | 15.8
Polearms       | 7 8 9 10 11 12 13 14 15 | 15.8
Fire Magic     | 6 7 8 9 10 11 12 13 | 13.4

Action                   |  1- 3 |  4- 6 |  7- 9 | 10-12 | 13-15 | 16-18 | 19-21 || total
-------------------------+-------+-------+-------+-------+-------+-------+-------++-------
Melee: Spear             |   106 |   189 |    41 |   110 |   948 |   553 |       ||  1947
       Bite              |     6 |    10 |     6 |    18 |   163 |   265 |    64 ||   532
       Punch             |     1 |     3 |       |       |       |       |       ||     4
       Whip              |       |       |     1 |       |       |       |       ||     1
       Dagger            |       |       |       |    10 |    96 |    65 |       ||   171
       Flail             |       |       |       |       |     1 |   570 |   239 ||   810
Throw: Boomerang         |       |     4 |     1 |    23 |    37 |       |       ||    65
       Javelin           |       |       |       |       |    49 |    35 |    27 ||   111
 Cast: Scorch            |       |    14 |   145 |   513 |   282 |     9 |       ||   963
       Ensorcelled Hiber |       |       |       |    15 |    23 |    20 |       ||    58
       Mephitic Cloud    |       |       |       |     1 |   162 |    34 |     3 ||   200
       Ignite Poison     |       |       |       |     1 |    91 |    33 |     4 ||   129
       Ozocubu's Armour  |       |       |       |       |     2 |     9 |     8 ||    19
       Summon Lightning  |       |       |       |       |     2 |    11 |       ||    13
       Airstrike         |       |       |       |       |       |    59 |    43 ||   102
       Swiftness         |       |       |       |       |       |     2 |     2 ||     4
       Freezing Cloud    |       |       |       |       |       |   111 |   319 ||   430
       Irradiate         |       |       |       |       |       |     3 |     9 ||    12
       Blink             |       |       |       |       |       |       |     1 ||     1
Invok: Fiery Armour      |       |       |       |     1 |       |     1 |       ||     2
       Foxfire Swarm     |       |       |       |       |     1 |       |       ||     1
       Rising Flame      |       |       |       |       |     1 |       |       ||     1
Evoke: Wand              |       |       |    13 |     4 |    13 |     2 |     6 ||    38
       Tin of tremorston |       |       |       |       |     2 |     2 |       ||     4
       Box of beasts     |       |       |       |       |       |     1 |     1 ||     2
       Phial of floods   |       |       |       |       |       |       |     2 ||     2
  Use: Scroll            |       |       |       |    24 |    16 |    13 |     7 ||    60
       Potion            |       |       |       |     1 |     2 |     8 |     5 ||    16
 Stab: Sleeping          |     2 |       |       |     7 |    12 |    11 |     2 ||    34
       Confused          |       |       |       |       |    52 |    16 |       ||    68
       Paralysed         |       |       |       |       |     9 |       |       ||     9
       Invisible         |       |       |       |       |     2 |       |       ||     2
       Distracted        |       |       |       |       |       |     8 |     2 ||    10
Armor: Robe              |     5 |       |       |       |       |       |       ||     5
       Ring mail         |    16 |    34 |    28 |   210 |   348 |   588 |   254 ||  1478
       Skin              |       |       |       |     6 |    33 |       |       ||    39
Dodge: Dodged            |    42 |    65 |    41 |   322 |   460 |   639 |   442 ||  2011
